Rangers vs Jets

Created - February 20, 2015 at 18:46

Goals
1 2 3 T
Rangers 0 0 0 0
Jets 0 1 0 1
Shots
1 2 3 T
Rangers 9 5 5 19
Jets 7 9 18 34

1st period

No Goal

Penalties :
Bryan Allen (NYR) for Tripping (Minor) at 10:53, Josh Bailey (WPG) for Tripping (Minor) at 16:01, Kimmo Timonen (WPG) for Hooking (Minor) at 16:20

2nd period

1. Jets , Josh Bailey 4 (Jonathan Ericsson) at 2:10

Penalties :
Alex Goligoski (NYR) for Interference (Minor) at 5:16

3rd period

No Goal

Penalties :
Anton Volchenkov (NYR) for Roughing (Double Minor) at 0:37, Bryan Allen (NYR) for Interference (Minor) at 10:50

Goalie Stats

Brian Elliott (NYR), 33 saves from 34 shots - (0.971), L, 18-14-5, 59:42 minutes
Cory Schneider (WPG), 19 saves from 19 shots - (1.000), W, 30-13-2, 60:00 minutes

Players Stats for Rangers

Player Name              G  A  P  +/- PIM S  H  SB GA TA FO     MP     PP MP  PK MP  
------------------------------------------------------------------------------------
Alex Goligoski           0  0  0   0  2   1  2  2  0  0  0/0    24:58   1:10   2:05 
Andrew Ference           0  0  0   0  0   0  0  0  0  0  0/0     0:28   0:00   0:28 
Anton Volchenkov         0  0  0  -1  4   1  1  1  0  0  0/0    16:14   0:00   2:47 
Benoit Pouliot           0  0  0   0  0   0  0  0  0  0  1/1     3:34   0:00   0:52 
Bryan Allen              0  0  0   0  4   0  0  0  0  0  0/0    11:28   0:00   0:00 
Chris Tanev              0  0  0  -1  0   0  0  1  0  0  0/0    20:06   0:00   5:34 
Craig Smith              0  0  0  -1  0   0  0  0  0  0  1/3    15:13   1:08   0:00 
David Legwand            0  0  0   0  0   1  0  0  0  0  5/11   14:21   0:00   1:14 
Derek Morris             0  0  0   0  0   2  1  2  0  0  0/0     5:33   1:10   0:00 
Jaromir Jagr             0  0  0   0  0   0  0  0  0  0  2/4    21:44   1:10   0:00 
Joffrey Lupul            0  0  0   0  0   2  2  1  0  0  0/0    25:22   1:08   3:40 
Karl Alzner              0  0  0   0  0   0  0  0  0  0  0/0    17:20   1:08   4:11 
Kris Russell             0  0  0   0  0   0  0  1  0  0  0/0    23:49   1:08   4:47 
Mikael Backlund          0  0  0  -1  0   3  2  0  0  0  11/18  20:20   1:10   5:36 
Sean Couturier           0  0  0   0  0   2  0  1  0  0  13/27  24:02   1:08   5:02 
Steve Downie             0  0  0   0  0   2  1  0  0  0  0/2    13:38   0:00   0:00 
Tomas Tatar              0  0  0   0  0   3  1  0  0  0  0/1    13:38   0:00   0:00 
Tyler Ennis              0  0  0  -1  0   2  3  0  0  0  4/7    18:12   1:10   3:28 

Players Stats for Jets

Player Name              G  A  P  +/- PIM S  H  SB GA TA FO     MP     PP MP  PK MP  
------------------------------------------------------------------------------------
Alexander Edler          0  0  0   0  0   0  5  0  0  0  0/0    19:56   4:36   0:00 
Anders Lee               0  0  0   0  0   2  3  0  0  0  1/2    23:30   4:49   0:00 
Boyd Gordon              0  0  0   1  0   0  0  0  0  0  6/10    5:55   0:00   1:25 
Carl Hagelin             0  0  0   0  0   1  1  0  0  0  0/1     8:38   0:00   0:00 
Chris Kunitz             0  0  0   0  0   3  2  0  0  0  0/1    20:07   5:07   0:00 
Christian Ehrhoff        0  0  0   0  0   0  0  0  0  0  0/0    20:52   4:36   0:56 
Connor Murphy            0  0  0   0  0   1  1  2  0  0  0/0    23:50   5:06   1:07 
Corey Perry              0  0  0   0  0   2  2  0  0  0  2/2    23:30   4:49   0:00 
Jamie Benn               0  0  0   0  0   6  3  0  0  0  4/7    21:19   5:07   0:15 
Joe Pavelski             0  0  0   0  0   4  0  0  0  0  9/24   23:56   4:49   0:00 
Jonathan Ericsson        0  1  1   1  0   1  0  0  0  0  0/0    16:31   0:00   1:11 
Josh Bailey              1  0  1   1  2   5  0  0  0  0  0/0    17:12   5:07   0:00 
Kimmo Timonen            0  0  0   0  2   3  2  1  0  0  0/0    22:40   5:20   0:14 
Nick Bonino              0  0  0   0  0   1  1  0  0  0  4/8     9:09   0:00   0:00 
Nicklas Grossmann        0  0  0   1  0   0  0  0  0  0  0/0     5:32   0:00   0:00 
Pascal Dupuis            0  0  0   1  0   1  0  0  0  0  0/0     5:58   0:00   0:38 
Radko Gudas              0  0  0   0  0   3  0  0  0  0  0/0    10:50   0:14   1:07 
Tomas Plekanec           0  0  0   0  0   1  0  0  0  0  11/19  16:35   0:00   0:38 

3 Stars

1 - Cory Schneider (WPG)
2 - Brian Elliott (NYR)
3 - Josh Bailey (WPG)

Power Play

Rangers - 0 on 2 Attempt(s) - 0.00%
Jets - 0 on 5 Attempt(s) - 0.00%

Penalty Kill

Rangers - 5 on 5 Attempt(s) - 100.00% - Score 0 goal in Penalty Kill
Jets - 2 on 2 Attempt(s) - 100.00% - Score 0 goal in Penalty Kill

Team Stat

Rangers - Hits : 13 - Faceoff Wins : 37 - Blocked Shots : 9 - Penalty Minutes : 10
Jets - Hits : 20 - Faceoff Wins : 37 - Blocked Shots : 3 - Penalty Minutes : 4

Official

Referees : Graham Skiliter and Justin StPierre
Linesman : Jay Sharrers and Pierre Champoux

Game Notes

No Game Note

Finance

Level 1 -- Attendance: 6000 (100.00%) -- Ticket Income $588,000
Level 2 -- Attendance: 4813 (96.26%) -- Ticket Income $370,601
Level 3 -- Attendance: 2200 (100.00%) -- Ticket Income $158,400
Level 4 -- Attendance: 1015 (100.00%) -- Ticket Income $66,990
Luxury Box -- Attendance: 778 (97.25%) -- Ticket Income $178,940
Game was played at the MTS Center'
Total Attendance: 14806 (98.61%)
Total Ticket Income: $1,362,931
Other Income: $204,440
Total Income: $1,567,371

% Time on Ice - Rangers

Lines # - Real PCT - Wanted PCT - Time Play
Normal Forward
1 - 38% - 40% - 17:52
2 - 29% - 30% - 13:34
3 - 28% - 20% - 13:07
4 - 6% - 10% - 2:42
Normal Defense
1 - 38% - 40% - 17:54
2 - 29% - 30% - 13:28
3 - 24% - 20% - 11:30
4 - 9% - 10% - 4:23
PP Forward
1 - 51% - 60% - 1:10
2 - 49% - 40% - 1:08
PP Defense
1 - 51% - 60% - 1:10
2 - 49% - 40% - 1:08
PK Forward
1 - 65% - 60% - 6:28
2 - 35% - 40% - 3:28
PK Defense
1 - 58% - 60% - 5:45
2 - 42% - 40% - 4:11
PK3 Forward
1 - 0% - 60%
2 - 0% - 40%
PK3 Defense
1 - 0% - 60%
2 - 0% - 40%
44 Forward
1 - 0% - 60%
2 - 0% - 40%
44 Defense
1 - 0% - 60%
2 - 0% - 40%
Last Minute Offensive  - 0:31
Last Minute Defensive  - 0:00
Total
Forward - 60:00
Defense - 60:00

% Time on Ice - Jets

Lines # - Real PCT - Wanted PCT - Time Play
Normal Forward
1 - 40% - 40% - 18:41
2 - 32% - 31% - 15:00
3 - 18% - 19% - 8:38
4 - 10% - 10% - 4:30
Normal Defense
1 - 37% - 40% - 17:06
2 - 32% - 34% - 15:08
3 - 19% - 16% - 9:03
4 - 12% - 10% - 5:32
PP Forward
1 - 48% - 70% - 4:49
2 - 52% - 30% - 5:07
PP Defense
1 - 54% - 70% - 5:20
2 - 46% - 30% - 4:36
PK Forward
1 - 100% - 75% - 0:38
2 - 0% - 25% - 0:00
PK Defense
1 - 47% - 60% - 0:18
2 - 53% - 40% - 0:20
PK3 Forward
1 - 100% - 70% - 1:40
2 - 0% - 30% - 0:00
PK3 Defense
1 - 53% - 60% - 0:53
2 - 47% - 40% - 0:47
44 Forward
1 - 0% - 60%
2 - 0% - 40%
44 Defense
1 - 0% - 51%
2 - 0% - 49%
Last Minute Offensive  - 0:00
Last Minute Defensive  - 0:57
Total
Forward - 60:00
Defense - 60:00

Play by Play

1st period


0:01 of 1st period - Sean Couturier wins face-off versus Joe Pavelski in neutral zone.
0:20 of 1st period - Sean Couturier is hit by Anders Lee and loses puck.
0:38 of 1st period - Sean Couturier is hit by Kimmo Timonen.
2:16 of 1st period - Shot by David Legwand.
2:16 of 1st period - Stopped by Cory Schneider with a rebound.
2:58 of 1st period - Sean Couturier is hit by Nick Bonino and loses puck.
4:06 of 1st period - Shot by Tomas Tatar.
4:06 of 1st period - Deflect By Steve Downie.
4:06 of 1st period - Shot Misses the Net.
4:08 of 1st period - Shot by Derek Morris.
4:08 of 1st period - Stopped by Cory Schneider with a rebound.
4:10 of 1st period - Shot by Steve Downie.
4:10 of 1st period - Shot Misses the Net.
5:08 of 1st period - Shot by Joffrey Lupul.
5:08 of 1st period - Shot Misses the Net.
5:10 of 1st period - Shot by Joffrey Lupul.
5:10 of 1st period - Shot Misses the Net.
5:12 of 1st period - Shot by Joffrey Lupul.
5:12 of 1st period - Shot Misses the Net.
5:14 of 1st period - Shot by Kris Russell.
5:14 of 1st period - Shot Misses the Net.
5:44 of 1st period - Shot by Steve Downie.
5:44 of 1st period - Stopped by Cory Schneider without a rebound.
5:45 of 1st period - Tomas Plekanec wins face-off versus Mikael Backlund in Jets zone.
6:01 of 1st period - Shot by Tomas Plekanec.
6:01 of 1st period - Stopped by Brian Elliott with a rebound.
6:03 of 1st period - Shot by Tomas Plekanec.
6:03 of 1st period - Shot Misses the Net.
6:24 of 1st period - Off-side.
6:25 of 1st period - David Legwand wins face-off versus Tomas Plekanec in neutral zone.
7:23 of 1st period - Shot by Jaromir Jagr.
7:23 of 1st period - Shot Blocked by Kimmo Timonen.
7:25 of 1st period - Shot by Kris Russell.
7:25 of 1st period - Shot Misses the Net.
7:39 of 1st period - Shot by Joe Pavelski.
7:39 of 1st period - Deflect By Anders Lee.
7:39 of 1st period - Shot Misses the Net.
8:09 of 1st period - Shot by Pascal Dupuis.
8:09 of 1st period - Stopped by Brian Elliott without a rebound.
8:10 of 1st period - Mikael Backlund wins face-off versus Boyd Gordon in Rangers zone.
8:35 of 1st period - Shot by Mikael Backlund.
8:35 of 1st period - Shot Misses the Net.
8:37 of 1st period - Shot by Mikael Backlund.
8:37 of 1st period - Stopped by Cory Schneider without a rebound.
8:38 of 1st period - Tomas Plekanec wins face-off versus David Legwand in Jets zone.
9:08 of 1st period - Off-side.
9:09 of 1st period - Anders Lee wins face-off versus Sean Couturier in neutral zone.
9:09 of 1st period - Corey Perry is hit by Joffrey Lupul.
9:13 of 1st period - Shot by Joe Pavelski.
9:13 of 1st period - Shot Misses the Net.
9:15 of 1st period - Shot by Corey Perry.
9:15 of 1st period - Shot Misses the Net.
9:17 of 1st period - Shot by Kimmo Timonen.
9:17 of 1st period - Stopped by Brian Elliott without a rebound.
9:18 of 1st period - Joe Pavelski wins face-off versus Sean Couturier in Rangers zone.
9:30 of 1st period - Joe Pavelski is hit by Alex Goligoski and loses puck.
9:38 of 1st period - Joe Pavelski is hit by Alex Goligoski and loses puck.
10:41 of 1st period - Shot by Mikael Backlund.
10:41 of 1st period - Deflect By Tyler Ennis.
10:41 of 1st period - Stopped by Cory Schneider without a rebound.
10:42 of 1st period - Jamie Benn wins face-off versus David Legwand in Jets zone.
10:52 of 1st period - Icing by Bryan Allen.
10:53 of 1st period - Boyd Gordon wins face-off versus David Legwand in Rangers zone.
10:53 of 1st period - Minor Penalty to Bryan Allen for Tripping.
10:54 of 1st period - Jamie Benn wins face-off versus Sean Couturier in Rangers zone.
11:50 of 1st period - Icing by Christian Ehrhoff.
11:51 of 1st period - Corey Perry wins face-off versus Tyler Ennis in Jets zone.
11:51 of 1st period - Corey Perry is hit by Tyler Ennis.
11:56 of 1st period - Off-side.
11:57 of 1st period - Tyler Ennis wins face-off versus Joe Pavelski in neutral zone.
12:22 of 1st period - Shot by Joe Pavelski.
12:22 of 1st period - Shot Misses the Net.
12:42 of 1st period - Icing by Kimmo Timonen.
12:43 of 1st period - Sean Couturier wins face-off versus Jamie Benn in Jets zone.
13:23 of 1st period - Shot by Josh Bailey.
13:23 of 1st period - Stopped by Brian Elliott with a rebound.
13:25 of 1st period - Shot by Jonathan Ericsson.
13:25 of 1st period - Shot Misses the Net.
13:27 of 1st period - Shot by Radko Gudas.
13:27 of 1st period - Shot Blocked by Derek Morris.
13:29 of 1st period - Shot by Jonathan Ericsson.
13:29 of 1st period - Shot Misses the Net.
13:31 of 1st period - Shot by Josh Bailey.
13:31 of 1st period - Shot Misses the Net.
13:33 of 1st period - Shot by Radko Gudas.
13:33 of 1st period - Stopped by Brian Elliott without a rebound.
13:34 of 1st period - Jaromir Jagr wins face-off versus Tomas Plekanec in Rangers zone.
13:34 of 1st period - Chris Tanev is hit by Jamie Benn and loses puck.
14:05 of 1st period - Shot by Joffrey Lupul.
14:05 of 1st period - Stopped by Cory Schneider without a rebound.
14:06 of 1st period - Mikael Backlund wins face-off versus Joe Pavelski in Jets zone.
14:25 of 1st period - Shot by Corey Perry.
14:25 of 1st period - Shot Misses the Net.
15:37 of 1st period - Chris Tanev is hit by Jamie Benn and loses puck.
15:41 of 1st period - Icing by Chris Tanev.
15:42 of 1st period - Sean Couturier wins face-off versus Nick Bonino in Rangers zone.
15:42 of 1st period - Jaromir Jagr is hit by Carl Hagelin and loses puck.
15:55 of 1st period - Nick Bonino is hit by Anton Volchenkov and loses puck.
16:01 of 1st period - Minor Penalty to Josh Bailey for Tripping.
16:02 of 1st period - Tomas Plekanec wins face-off versus Mikael Backlund in Jets zone.
16:20 of 1st period - Minor Penalty to Kimmo Timonen for Hooking.
16:21 of 1st period - Sean Couturier wins face-off versus Boyd Gordon in Jets zone.
16:48 of 1st period - Shot by Connor Murphy.
16:48 of 1st period - Stopped by Brian Elliott without a rebound.
16:49 of 1st period - Boyd Gordon wins face-off versus Mikael Backlund in Rangers zone.
17:02 of 1st period - Shot by Derek Morris.
17:02 of 1st period - Stopped by Cory Schneider without a rebound.
17:03 of 1st period - Boyd Gordon wins face-off versus Mikael Backlund in Jets zone.
17:23 of 1st period - Off-side.
17:24 of 1st period - Sean Couturier wins face-off versus Boyd Gordon in neutral zone.
18:03 of 1st period - Shot by Sean Couturier.
18:03 of 1st period - Stopped by Cory Schneider without a rebound.
18:04 of 1st period - Mikael Backlund wins face-off versus Tomas Plekanec in Jets zone.
18:07 of 1st period - Shot by Alex Goligoski.
18:07 of 1st period - Shot Misses the Net.
18:09 of 1st period - Shot by Alex Goligoski.
18:09 of 1st period - Stopped by Cory Schneider with a rebound.
18:22 of 1st period - Icing by Alexander Edler.
18:23 of 1st period - Joe Pavelski wins face-off versus David Legwand in Jets zone.
18:56 of 1st period - Shot by David Legwand.
18:56 of 1st period - Deflect By Tomas Tatar.
18:56 of 1st period - Shot Misses the Net.
19:38 of 1st period - Shot by Jamie Benn.
19:38 of 1st period - Shot Misses the Net.
19:40 of 1st period - Shot by Kimmo Timonen.
19:40 of 1st period - Stopped by Brian Elliott without a rebound.
19:41 of 1st period - Nick Bonino wins face-off versus Tyler Ennis in Rangers zone.
19:50 of 1st period - Shot by Nick Bonino.
19:50 of 1st period - Shot Misses the Net.
Goals for this period are 0 for Rangers vs 0 for Jets.
Shots for this period are 9 for Rangers vs 7 for Jets.

2nd period


0:01 of 2nd period - Tomas Plekanec wins face-off versus Sean Couturier in neutral zone.
0:13 of 2nd period - Shot by Sean Couturier.
0:13 of 2nd period - Shot Misses the Net.
1:25 of 2nd period - Shot by Joe Pavelski.
1:25 of 2nd period - Shot Blocked by Alex Goligoski.
1:57 of 2nd period - Off-side.
1:58 of 2nd period - Mikael Backlund wins face-off versus Boyd Gordon in neutral zone.
2:01 of 2nd period - Jonathan Ericsson is hit by Mikael Backlund and loses puck.
2:08 of 2nd period - Shot by Josh Bailey.
2:08 of 2nd period - Shot Blocked by Chris Tanev.
2:10 of 2nd period - Shot by Josh Bailey.
2:10 of 2nd period - Goal by Josh Bailey - Rangers : 0 - Jets : 1.
2:11 of 2nd period - Tomas Plekanec wins face-off versus Steve Downie in neutral zone.
2:13 of 2nd period - Jamie Benn is hit by Tomas Tatar and loses puck.
3:32 of 2nd period - Off-side.
3:33 of 2nd period - Craig Smith wins face-off versus Joe Pavelski in neutral zone.
3:47 of 2nd period - Mikael Backlund is hit by Alexander Edler and loses puck.
4:16 of 2nd period - Shot by Tyler Ennis.
4:16 of 2nd period - Shot Misses the Net.
4:18 of 2nd period - Shot by Anton Volchenkov.
4:18 of 2nd period - Stopped by Cory Schneider with a rebound.
4:42 of 2nd period - Shot by Josh Bailey.
4:42 of 2nd period - Stopped by Brian Elliott without a rebound.
4:43 of 2nd period - Tomas Plekanec wins face-off versus Sean Couturier in Rangers zone.
5:16 of 2nd period - Minor Penalty to Alex Goligoski for Interference.
5:17 of 2nd period - Mikael Backlund wins face-off versus Joe Pavelski in Rangers zone.
5:17 of 2nd period - Mikael Backlund is hit by Anders Lee.
7:30 of 2nd period - Shot by Nick Bonino.
7:30 of 2nd period - Stopped by Brian Elliott without a rebound.
7:31 of 2nd period - Boyd Gordon wins face-off versus Mikael Backlund in Rangers zone.
7:31 of 2nd period - Jonathan Ericsson is hit by Derek Morris and loses puck.
7:50 of 2nd period - Icing by Mikael Backlund.
7:51 of 2nd period - Mikael Backlund wins face-off versus Joe Pavelski in Rangers zone.
8:21 of 2nd period - Icing by Corey Perry.
8:22 of 2nd period - Sean Couturier wins face-off versus Joe Pavelski in Jets zone.
8:22 of 2nd period - Chris Tanev is hit by Alexander Edler and loses puck.
8:30 of 2nd period - Joffrey Lupul is hit by Alexander Edler and loses puck.
8:35 of 2nd period - Shot by Sean Couturier.
8:35 of 2nd period - Stopped by Cory Schneider without a rebound.
8:36 of 2nd period - Tomas Plekanec wins face-off versus Steve Downie in Jets zone.
8:36 of 2nd period - Tomas Plekanec is hit by Steve Downie.
8:46 of 2nd period - Icing by Steve Downie.
8:47 of 2nd period - Nick Bonino wins face-off versus Tomas Tatar in Rangers zone.
9:01 of 2nd period - Shot by Tomas Tatar.
9:01 of 2nd period - Shot Misses the Net.
9:24 of 2nd period - David Legwand is hit by Connor Murphy and loses puck.
10:06 of 2nd period - Icing by Kris Russell.
10:07 of 2nd period - Sean Couturier wins face-off versus Anders Lee in Rangers zone.
10:40 of 2nd period - Icing by Alex Goligoski.
10:41 of 2nd period - Tomas Plekanec wins face-off versus Sean Couturier in Rangers zone.
11:02 of 2nd period - Mikael Backlund is hit by Chris Kunitz and loses puck.
11:13 of 2nd period - Shot by Craig Smith.
11:13 of 2nd period - Shot Misses the Net.
12:21 of 2nd period - Shot by Tomas Tatar.
12:21 of 2nd period - Shot Misses the Net.
12:23 of 2nd period - Shot by Steve Downie.
12:23 of 2nd period - Stopped by Cory Schneider without a rebound.
12:24 of 2nd period - Joe Pavelski wins face-off versus Sean Couturier in Jets zone.
13:51 of 2nd period - Shot by Pascal Dupuis.
13:51 of 2nd period - Shot Blocked by Anton Volchenkov.
13:53 of 2nd period - Shot by Josh Bailey.
13:53 of 2nd period - Stopped by Brian Elliott without a rebound.
13:54 of 2nd period - Nick Bonino wins face-off versus David Legwand in Rangers zone.
14:01 of 2nd period - Off-side.
14:02 of 2nd period - David Legwand wins face-off versus Nick Bonino in neutral zone.
14:31 of 2nd period - Shot by David Legwand.
14:31 of 2nd period - Shot Misses the Net.
15:56 of 2nd period - Shot by Joe Pavelski.
15:56 of 2nd period - Shot Blocked by Alex Goligoski.
15:58 of 2nd period - Shot by Connor Murphy.
15:58 of 2nd period - Shot Blocked by Joffrey Lupul.
16:00 of 2nd period - Shot by Connor Murphy.
16:00 of 2nd period - Shot Blocked by Sean Couturier.
16:06 of 2nd period - Shot by Anders Lee.
16:06 of 2nd period - Stopped by Brian Elliott without a rebound.
16:07 of 2nd period - Boyd Gordon wins face-off versus Mikael Backlund in Rangers zone.
16:08 of 2nd period - Shot by Radko Gudas.
16:08 of 2nd period - Stopped by Brian Elliott with a rebound.
16:17 of 2nd period - Icing by Chris Tanev.
16:18 of 2nd period - Joe Pavelski wins face-off versus Mikael Backlund in Rangers zone.
16:43 of 2nd period - Kimmo Timonen is hit by Tyler Ennis and loses puck.
17:38 of 2nd period - Kris Russell is hit by Alexander Edler and loses puck.
17:54 of 2nd period - Shot by Joffrey Lupul.
17:54 of 2nd period - Stopped by Cory Schneider without a rebound.
17:55 of 2nd period - Nick Bonino wins face-off versus David Legwand in Jets zone.
18:12 of 2nd period - Shot by Carl Hagelin.
18:12 of 2nd period - Stopped by Brian Elliott without a rebound.
18:13 of 2nd period - Boyd Gordon wins face-off versus Sean Couturier in Rangers zone.
19:13 of 2nd period - Shot by Corey Perry.
19:13 of 2nd period - Stopped by Brian Elliott with a rebound.
19:21 of 2nd period - Shot by Mikael Backlund.
19:21 of 2nd period - Shot Misses the Net.
19:33 of 2nd period - Shot by Tyler Ennis.
19:33 of 2nd period - Stopped by Cory Schneider without a rebound.
19:34 of 2nd period - David Legwand wins face-off versus Tomas Plekanec in Jets zone.
19:55 of 2nd period - Shot by Tomas Plekanec.
19:55 of 2nd period - Shot Misses the Net.
19:57 of 2nd period - Shot by Chris Kunitz.
19:57 of 2nd period - Stopped by Brian Elliott with a rebound.
19:59 of 2nd period - Shot by Chris Kunitz.
19:59 of 2nd period - Shot Hit the Post.
Goals for this period are 0 for Rangers vs 1 for Jets.
Shots for this period are 5 for Rangers vs 9 for Jets.

3rd period


0:01 of 3rd period - Benoit Pouliot wins face-off versus Joe Pavelski in neutral zone.
0:18 of 3rd period - Shot by Corey Perry.
0:18 of 3rd period - Stopped by Brian Elliott without a rebound.
0:19 of 3rd period - Mikael Backlund wins face-off versus Tomas Plekanec in Rangers zone.
0:21 of 3rd period - Icing by Tyler Ennis.
0:22 of 3rd period - Tyler Ennis wins face-off versus Joe Pavelski in Rangers zone.
0:22 of 3rd period - Craig Smith is hit by Corey Perry.
0:25 of 3rd period - Chris Tanev is hit by Kimmo Timonen and loses puck.
0:37 of 3rd period - Double Minor Penalty to Anton Volchenkov for Roughing.
0:38 of 3rd period - Jamie Benn wins face-off versus Sean Couturier in Rangers zone.
0:39 of 3rd period - Shot by Chris Kunitz.
0:39 of 3rd period - Shot Misses the Net.
0:41 of 3rd period - Shot by Kimmo Timonen.
0:41 of 3rd period - Stopped by Brian Elliott without a rebound.
0:42 of 3rd period - Sean Couturier wins face-off versus Joe Pavelski in Rangers zone.
2:02 of 3rd period - Shot by Jamie Benn.
2:02 of 3rd period - Shot Misses the Net.
2:44 of 3rd period - Shot by Anders Lee.
2:44 of 3rd period - Deflect By Corey Perry.
2:44 of 3rd period - Shot Misses the Net.
2:46 of 3rd period - Shot by Radko Gudas.
2:46 of 3rd period - Stopped by Brian Elliott with a rebound.
2:52 of 3rd period - Shot by Joe Pavelski.
2:52 of 3rd period - Stopped by Brian Elliott without a rebound.
2:53 of 3rd period - Tyler Ennis wins face-off versus Jamie Benn in Rangers zone.
3:06 of 3rd period - Shot by Jamie Benn.
3:06 of 3rd period - Stopped by Brian Elliott without a rebound.
3:07 of 3rd period - Joe Pavelski wins face-off versus Tyler Ennis in Rangers zone.
3:23 of 3rd period - Shot by Christian Ehrhoff.
3:23 of 3rd period - Shot Blocked by Kris Russell.
3:25 of 3rd period - Shot by Anders Lee.
3:25 of 3rd period - Stopped by Brian Elliott with a rebound.
4:11 of 3rd period - Shot by Jamie Benn.
4:11 of 3rd period - Stopped by Brian Elliott with a rebound.
4:13 of 3rd period - Shot by Josh Bailey.
4:13 of 3rd period - Stopped by Brian Elliott without a rebound.
4:14 of 3rd period - Tyler Ennis wins face-off versus Jamie Benn in Rangers zone.
4:14 of 3rd period - Tyler Ennis is hit by Jamie Benn.
4:24 of 3rd period - Alexander Edler is hit by Joffrey Lupul and loses puck.
5:11 of 3rd period - Shot by Tomas Tatar.
5:11 of 3rd period - Stopped by Cory Schneider without a rebound.
5:12 of 3rd period - Corey Perry wins face-off versus Jaromir Jagr in Jets zone.
5:33 of 3rd period - Shot by Joe Pavelski.
5:33 of 3rd period - Shot Misses the Net.
5:39 of 3rd period - Shot by Corey Perry.
5:39 of 3rd period - Shot Misses the Net.
5:41 of 3rd period - Shot by Kimmo Timonen.
5:41 of 3rd period - Deflect By Corey Perry.
5:41 of 3rd period - Shot Misses the Net.
6:01 of 3rd period - Shot by Jamie Benn.
6:01 of 3rd period - Stopped by Brian Elliott with a rebound.
6:03 of 3rd period - Shot by Tomas Plekanec.
6:03 of 3rd period - Shot Misses the Net.
6:05 of 3rd period - Shot by Tomas Plekanec.
6:05 of 3rd period - Shot Blocked by Derek Morris.
6:07 of 3rd period - Shot by Chris Kunitz.
6:07 of 3rd period - Stopped by Brian Elliott without a rebound.
6:08 of 3rd period - Mikael Backlund wins face-off versus Nick Bonino in Rangers zone.
6:19 of 3rd period - Shot by Tyler Ennis.
6:19 of 3rd period - Shot Misses the Net.
6:29 of 3rd period - Shot by Josh Bailey.
6:29 of 3rd period - Shot Hit the Post.
6:45 of 3rd period - Jonathan Ericsson is hit by Mikael Backlund and loses puck.
6:54 of 3rd period - Jonathan Ericsson is hit by Tyler Ennis and loses puck.
7:15 of 3rd period - Icing by Chris Tanev.
7:16 of 3rd period - Mikael Backlund wins face-off versus Tomas Plekanec in Rangers zone.
8:08 of 3rd period - Shot by Tomas Tatar.
8:08 of 3rd period - Shot Hit the Post.
8:52 of 3rd period - Icing by Alex Goligoski.
8:53 of 3rd period - Sean Couturier wins face-off versus Joe Pavelski in Rangers zone.
9:40 of 3rd period - Jaromir Jagr is hit by Corey Perry and loses puck.
10:50 of 3rd period - Minor Penalty to Bryan Allen for Interference.
10:51 of 3rd period - David Legwand wins face-off versus Joe Pavelski in Rangers zone.
11:00 of 3rd period - Karl Alzner is hit by Anders Lee and loses puck.
11:15 of 3rd period - Shot by Joe Pavelski.
11:15 of 3rd period - Stopped by Brian Elliott with a rebound.
11:17 of 3rd period - Shot by Kimmo Timonen.
11:17 of 3rd period - Shot Misses the Net.
11:19 of 3rd period - Shot by Joe Pavelski.
11:19 of 3rd period - Stopped by Brian Elliott without a rebound.
11:20 of 3rd period - Sean Couturier wins face-off versus Chris Kunitz in Rangers zone.
11:28 of 3rd period - Icing by Christian Ehrhoff.
11:29 of 3rd period - Jamie Benn wins face-off versus Sean Couturier in Jets zone.
12:21 of 3rd period - Icing by Kimmo Timonen.
12:22 of 3rd period - Sean Couturier wins face-off versus Joe Pavelski in Jets zone.
12:25 of 3rd period - Shot by Mikael Backlund.
12:25 of 3rd period - Stopped by Cory Schneider without a rebound.
12:26 of 3rd period - Joe Pavelski wins face-off versus Sean Couturier in Jets zone.
12:59 of 3rd period - Shot by Jamie Benn.
12:59 of 3rd period - Shot Misses the Net.
13:27 of 3rd period - Shot by Chris Kunitz.
13:27 of 3rd period - Stopped by Brian Elliott without a rebound.
13:28 of 3rd period - Joe Pavelski wins face-off versus Sean Couturier in Rangers zone.
13:32 of 3rd period - Icing by Karl Alzner.
13:33 of 3rd period - Joe Pavelski wins face-off versus Jaromir Jagr in Rangers zone.
15:33 of 3rd period - Shot by Tomas Tatar.
15:33 of 3rd period - Stopped by Cory Schneider without a rebound.
15:34 of 3rd period - Jaromir Jagr wins face-off versus Nick Bonino in Jets zone.
15:55 of 3rd period - Shot by Carl Hagelin.
15:55 of 3rd period - Shot Misses the Net.
16:00 of 3rd period - Off-side.
16:01 of 3rd period - David Legwand wins face-off versus Joe Pavelski in neutral zone.
16:41 of 3rd period - Shot by Tomas Tatar.
16:41 of 3rd period - Shot Blocked by Connor Murphy.
16:43 of 3rd period - Shot by David Legwand.
16:43 of 3rd period - Deflect By Tomas Tatar.
16:43 of 3rd period - Stopped by Cory Schneider without a rebound.
16:44 of 3rd period - Sean Couturier wins face-off versus Tomas Plekanec in Jets zone.
16:44 of 3rd period - Alex Goligoski is hit by Alexander Edler and loses puck.
17:21 of 3rd period - Shot by Chris Kunitz.
17:21 of 3rd period - Deflect By Jamie Benn.
17:21 of 3rd period - Stopped by Brian Elliott without a rebound.
17:22 of 3rd period - Mikael Backlund wins face-off versus Carl Hagelin in Rangers zone.
17:31 of 3rd period - Shot by Mikael Backlund.
17:31 of 3rd period - Stopped by Cory Schneider without a rebound.
17:32 of 3rd period - Mikael Backlund wins face-off versus Joe Pavelski in Jets zone.
17:43 of 3rd period - Shot by Joe Pavelski.
17:43 of 3rd period - Shot Misses the Net.
17:53 of 3rd period - Shot by Joe Pavelski.
17:53 of 3rd period - Stopped by Brian Elliott without a rebound.
17:54 of 3rd period - Sean Couturier wins face-off versus Tomas Plekanec in Rangers zone.
17:54 of 3rd period - Sean Couturier is hit by Chris Kunitz.
17:59 of 3rd period - Off-side.
18:00 of 3rd period - Tomas Plekanec wins face-off versus Sean Couturier in neutral zone.
18:14 of 3rd period - Icing by Kris Russell.
18:15 of 3rd period - Joe Pavelski wins face-off versus Sean Couturier in Rangers zone.
19:26 of 3rd period - Shot by Jonathan Ericsson.
19:26 of 3rd period - Stopped by Brian Elliott with a rebound.
19:28 of 3rd period - Shot by Jamie Benn.
19:28 of 3rd period - Stopped by Brian Elliott without a rebound.
19:29 of 3rd period - Tomas Plekanec wins face-off versus Craig Smith in Rangers zone.
19:32 of 3rd period - Shot by Jamie Benn.
19:32 of 3rd period - Stopped by Brian Elliott without a rebound.
19:33 of 3rd period - Tomas Plekanec wins face-off versus Craig Smith in Rangers zone.
19:34 of 3rd period - Shot by Jamie Benn.
19:34 of 3rd period - Shot Hit the Post.
19:42 of 3rd period - Rangers, Brian Elliott is pulled from the net.
19:44 of 3rd period - Shot by Craig Smith.
19:44 of 3rd period - Shot Misses the Net.
19:46 of 3rd period - Shot by Steve Downie.
19:46 of 3rd period - Shot Blocked by Connor Murphy.
Goals for this period are 0 for Rangers vs 0 for Jets.
Shots for this period are 5 for Rangers vs 18 for Jets.


Output by the SimonT Hockey Simulator (STHS) for Stephane Roy -- Original Page W3C XHTML 1.0 Valid
Hockey Simulator - Hockey Simulation - Hockey Manager